 Dungeon Crawl Stone Soup version 0.29-a0-515-g7c1fb6cc08 (webtiles) character file.

Game seed: 5242636619082123324

12162 CrazyBamboolord the Thaumaturge (level 11, -16/68 HPs)
             Began as a Mummy Necromancer on May 30, 2022.
             Was a Priest of Cheibriados.
             Killed from afar by a fire dragon (64 damage)
             ... with a blast of flame
             ... on level 11 of the Dungeon.
             The game lasted 00:46:46 (12562 turns).

CrazyBamboolord the Thaumaturge (MuNe)             Turns: 12562, Time: 00:46:47

Health: -16/68     AC: 16    Str: 19    XL:     11   Next: 58%
Magic:  29/38      EV: 16    Int: 28    God:    Cheibriados [***...]
Gold:   699        SH:  9    Dex: 25    Spells: 25/38 levels left

rFire   x . .      SeeInvis .   l - +10 falchion of Keqanyg {vorpal, Fragile MP+9 Dex+5}
rCold   + + .      Faith    .   G - +3 warlock's mirror {reflect}
rNeg    + + +      Spirit   .   C - +0 steam dragon scales
rPois   ∞          Reflect  +   s - +1 helmet
rElec   .          Harm     .   y - +1 cloak
rCorr   .          Rampage  .   B - +1 pair of gloves
Will    +....                   D - +0 pair of boots
Stlth   +++.......              j - amulet of magic regeneration
HPRegen 0.21/turn               f - ring of protection from cold
MPRegen 0.66/turn               x - +4 ring of protection

@: very slow
A: cold resistance 1, negative energy resistance 3, torment resistance 2, heat
vulnerability 1, in touch with death 1, no potions
a: Renounce Religion, Bend Time, Temporal Distortion


You were on level 11 of the Dungeon.
You worshipped Cheibriados.
Cheibriados was most pleased with you.
You visited 2 branches of the dungeon, and saw 12 of its levels.

You collected 699 gold pieces.

Inventory:

Hand Weapons
 g - the +6 war axe "Nuemidwa" {venom, rN+ Dex+3}
   (You found it on level 3 of the Dungeon)

   It poisons the flesh of those it strikes.
   Dex:       It affects your dexterity (+3).
   rN:        It protects you from negative energy.
 l - the +10 falchion of Keqanyg (weapon) {vorpal, Fragile MP+9 Dex+5}
   (You found it on level 2 of the Dungeon)

   It inflicts extra damage upon your enemies.
   Dex:       It affects your dexterity (+5).
   MP:        It affects your magic capacity (+9).
   Fragile:   It will be destroyed if unequipped.
 t - the +7 dagger of Valour {freeze, Int+2}
   (You found it on level 5 of the Dungeon)

   It freezes those it strikes, dealing additional cold damage.
   It can also slow down cold-blooded creatures.
   Int:       It affects your intelligence (+2).
Missiles
 h - 2 javelins
 u - a throwing net
Armour
 p - a +2 robe of cold resistance
 s - a +1 helmet (worn)
 y - a +1 cloak (worn)
 B - a +1 pair of gloves (worn)
 C - +0 steam dragon scales (worn)
 D - a +0 pair of boots (worn)
 G - the +3 warlock's mirror (worn) {reflect}
   (You found it on level 8 of the Dungeon)

   It can block and reflect piercing ranged attacks and magical attacks against
   the wielder's willpower.
Jewellery
 a - a ring of ice
 f - a ring of protection from cold (left hand)
 j - an amulet of magic regeneration (around neck)
 w - a +4 ring of evasion
 x - a +4 ring of protection (right hand)
 H - an amulet of the acrobat
Wands
 q - a wand of polymorph (14)
 v - a wand of iceblast (18)
 z - a wand of acid (14)
 A - a wand of paralysis (7)
 F - a wand of flame (46)
Scrolls
 b - a scroll of torment
 c - 2 scrolls of immolation
 d - 2 scrolls of poison
 e - a scroll of fear
 i - a scroll of vulnerability
 k - a scroll of summoning
 m - 4 scrolls of identify
 n - a scroll of noise
 o - 7 scrolls of teleportation
 E - a scroll of silence


   Skills:
 * Level 5.7 Dodging
 + Level 3.5 Stealth
 * Level 2.3 Shields
 + Level 14.3 Spellcasting
 + Level 11.6 Necromancy
 * Level 4.0 Invocations


You had 25 spell levels left.
You knew the following spells:

 Your Spells              Type           Power      Damage    Failure   Level
a - Necrotize             Necr           100%       1d9       1%          1
b - Vampiric Draining     Necr           91%        2d12      1%          3
c - Animate Dead          Necr           91%        N/A       1%          4
d - Agony                 Necr           91%        N/A       1%          5

Your spell library contained the following spells:

 Spells                   Type           Power      Damage    Failure   Level
 Magic Dart               Conj           80%        1d7       3%          1
 Sandblast                Erth           40%        2d10      3%          1
 Slow                     Hex            80%        N/A       3%          1
 Passwall                 Tmut/Erth      16%        N/A       4%          2
 Searing Ray              Conj           40%        2d5       4%          2
 Confusing Touch          Hex            20%        N/A       10%         3
 Conjure Flame            Conj/Fire      20%        6-21      10%         3
 Ignite Poison            Fire/Tmut/Pois 20%        N/A       10%         3
 Inner Flame              Hex/Fire       20%        N/A       10%         3
 Stone Arrow              Conj/Erth      40%        3d9       10%         3
 Cause Fear               Hex            10%        N/A       32%         4
 Fulminant Prism          Conj/Hex       10%        3d9       32%         4
 Sticky Flame             Conj/Fire      20%        2d4       32%         4
 Fireball                 Conj/Fire      10%        3d6       67%         5
 Starburst                Conj/Fire      10%        6d5       99%         6
 Discord                  Hex            10%        N/A       100%        8
 Ignition                 Fire           10%        3d5       100%        8


Dungeon Overview and Level Annotations

Branches:
Dungeon (11/15)            Temple (1/1) D:6            Lair (0/6) D:10
    Orc (0/2) D:11

Altars:
Ashenzari
Cheibriados
Dithmenos
Elyvilon
Fedhas
Gozag
Hepliaklqana
Kikubaaqudgha
Makhleb
Nemelex Xobeh
Okawaru
Qazlal
Ru
Sif Muna
Trog
Uskayaw
Vehumet
Wu Jian
Xom
Yredelemnul
Zin
The Shining One

Shops:
D:2 ==*(   D:4 *   D:10 !

Annotations:
D:4 1 exclusion
D:11 exclusion: fire dragon


Innate Abilities, Weirdness & Mutations

You are immune to poison.
Your flesh is cold resistant. (rC+)
You are immune to negative energy. (rN+++)
You are immune to unholy pain and torment.
You are vulnerable to heat. (rF-)
You are in touch with the powers of death.
You do not drink.


Message History

Your yak zombie is destroyed!
The fire dragon bites your troll zombie!
The fire dragon claws your troll zombie!
The fire dragon tramples your troll zombie!
Your troll zombie holds its ground!
Your troll zombie is destroyed!
There is an open door, spattered with blood here.
The fire dragon barely misses your yak zombie.
The fire dragon claws your yak zombie!
The fire dragon tramples your yak zombie!
Your yak zombie stumbles backwards!
Your yak zombie gores the fire dragon.
You hit the fire dragon but do no damage.
The fire dragon is lightly wounded.
The fire dragon completely misses you. The fire dragon misses you. x2
Your yak zombie gores the fire dragon but does no damage.
You slash the fire dragon!
The fire dragon is moderately wounded.
The fire dragon bites you but does no damage.
The fire dragon claws you.
The fire dragon tramples you but does no damage.
Your yak zombie gores the fire dragon!
Casting: Vampiric Draining (safe; 1% risk of failure)
Confirm with . or Enter, or press ? or * to list all spells.
Aiming: Agony (dangerous; 1% risk of failure)
Press: ? - help, Shift-Dir - straight line, f - fire dragon
Aim: a fire dragon (purple smoke, moderately wounded, ally target, chance to affect: 96%)
You feel a surge of power!
The fire dragon convulses!
The fire dragon bites you! The fire dragon claws you.
You block the fire dragon's attack.
Your yak zombie gores the fire dragon but does no damage.
Casting: Agony (dangerous; 1% risk of failure)
Confirm with . or Enter, or press ? or * to list all spells.
Aiming: Agony (dangerous; 1% risk of failure)
Press: ? - help, Shift-Dir - straight line, f/p - fire dragon
Aim: a fire dragon (purple smoke, severely wounded, ally target, chance to affect: 96%)
You feel a surge of power!
The fire dragon convulses!
The fire dragon breathes flames at you. The blast of flame hits you!!!
The fire burns you terribly!
Ouch! That really hurt!
You die...

## ##.....# ####
####......# #..###
###..#......#
#....#####....#......#
'......#......'......#
#....#####...Z#......#
#..#'#.#.###..#!.....#
####...#.D.####......#
##...).#... ###@Z...#
.###...#...###§#D#...#
...#'#.# #'#§§§§§###.#
.....#####D.§§§§§§§###
..†....#....§{§§§###
.......#.......###
##.....'.....#'# .#
###...#...###.# ..#
###.#.###...# ..##


You could see a fire dragon (catching breath, ally target) and a friendly yak
zombie.

Vanquished Creatures
  A boulder beetle (D:11)
  Pikel (D:5)
  A cyclops (D:11)
  A manticore (D:11)
  Joseph (D:7)
  A gargoyle (D:11)
  Psyche (D:11)
  A troll (D:11)
  2 hornets
  Prince Ribbit (D:6)
  Sigmund (D:3)
  A shadow (D:9)
  A wyvern (D:9)
  A wraith (D:9)
  20 yaks
  A steam dragon (D:7)
  An acid dragon (D:10)
  A water moccasin (D:4)
  2 ice beasts (D:5)
  3 black bears
  8 orc warriors
  4 sky beasts
  4 centaurs
  An ogre (D:6)
  2 phantoms
  4 kobold brigands
  7 bullfrogs
  2 gnoll sergeants (D:7)
  2 necrophages
  A scorpion (D:5)
  2 wights
  4 howler monkeys
  A hound (D:5)
  A gnoll shaman (D:5)
  4 orc priests
  Crazy Yiuf (D:4)
  Jessica (D:3)
  4 iguanas
  6 orc wizards
  8 gnolls
  9 adders
  A white imp (D:6)
  2 ufetubi
  5 worms
  2 dart slugs (D:5)
  22 orcs
  3 bats
  9 endoplasms
  4 giant cockroaches
  3 goblins
  9 hobgoblins
  3 jackals (D:1)
  A quokka (D:4)
  4 ball pythons
  2 frilled lizards
  19 kobolds
  4 rats
212 creatures vanquished.

Vanquished Creatures (collateral kills)
  2 yaks
  A sky beast (D:8)
  A centaur (D:10)
  A necrophage (D:8)
  2 wights
  A killer bee (D:7)
  An iguana (D:6)
  3 adders
  4 orcs
  A frilled lizard (D:1)
  2 kobolds (D:9)
19 creatures vanquished.

Vanquished Creatures (others)
  3 yak zombies
  A troll zombie (D:11)
  A centaur zombie (D:7)
  A black bear zombie (D:8)
  An adder zombie (D:3)
  An iguana zombie (D:6)
  3 gnoll zombies
  2 kobold zombies
  15 orc zombies
28 creatures vanquished.

Grand Total: 259 creatures vanquished

Notes
Turn   | Place    | Note
-------+----------+-------------------------------------------
     0 | D:1      | CrazyBamboolord the Mummy Necromancer began the quest for
                  | the Orb.
     0 | D:1      | Reached XP level 1. HP: 13/13 MP: 4/4
   178 | D:1      | Reached XP level 2. HP: 19/19 MP: 0/5
   485 | D:1      | Reached skill level 3 in Spellcasting
  1064 | D:2      | Gained mutation: You are in touch with the powers of death.
                  | [Mummy growth]
  1064 | D:2      | Reached XP level 3. HP: 24/24 MP: 2/8
  1068 | D:2      | Learned a level 3 spell: Vampiric Draining
  1144 | D:2      | Found Cunkufoa's Jewellery Shoppe.
  1287 | D:2      | Found Rafat's Jewellery Shoppe.
  1361 | D:2      | Found a faded altar of an unknown god.
  1547 | D:2      | Found Mifri's Weapon Shoppe.
  1804 | D:2      | Found Epahi's General Store.
  1868 | D:2      | Identified the +10 falchion of Keqanyg {vorpal, Fragile
                  | MP+9 Dex+5}
  1963 | D:2      | Reached skill level 4 in Spellcasting
  1969 | D:2      | Reached XP level 4. HP: 27/30 MP: 1/10
  2345 | D:3      | Noticed Jessica
  2349 | D:3      | Killed Jessica
  2379 | D:3      | Learned a level 4 spell: Animate Dead
  2700 | D:3      | Identified the +6 war axe "Nuemidwa" {venom, rN+ Dex+3}
  3283 | D:3      | Noticed Sigmund
  3301 | D:3      | Killed Sigmund
  3302 | D:3      | Reached skill level 5 in Spellcasting
  3302 | D:3      | Reached skill level 5 in Necromancy
  3302 | D:3      | Reached XP level 5. HP: 24/35 MP: 13/13
  3302 | D:3      | Reached XP level 6. HP: 28/41 MP: 14/14
  3500 | D:3      | Reached skill level 6 in Spellcasting
  3691 | D:4      | Noticed a water moccasin
  3692 | D:4      | Found Plog's Fire Supplies.
  3702 | D:4      | Killed a water moccasin
  3921 | D:4      | Found a runed translucent door.
  3934 | D:4      | Noticed Crazy Yiuf
  3942 | D:4      | Killed Crazy Yiuf
  4270 | D:4      | Reached XP level 7. HP: 46/46 MP: 17/17
  4459 | D:5      | Entered Level 5 of the Dungeon
  4572 | D:5      | Identified the +7 dagger of Valour {freeze, Int+2}
  4586 | D:5      | Reached skill level 7 in Spellcasting
  4900 | D:5      | Noticed Pikel
  4912 | D:5      | Killed Pikel
  4913 | D:5      | Reached skill level 8 in Spellcasting
  4913 | D:5      | Reached XP level 8. HP: 47/52 MP: 16/20
  5026 | D:5      | Reached skill level 9 in Spellcasting
  5789 | D:6      | Learned a level 5 spell: Agony
  5801 | D:5      | Reached skill level 10 in Spellcasting
  5804 | D:5      | Reached XP level 9. HP: 54/57 MP: 18/23
  6027 | D:6      | Noticed Prince Ribbit
  6028 | D:6      | Found a staircase to the Ecumenical Temple.
  6046 | D:6      | Killed Prince Ribbit
  6056 | Temple   | Entered the Ecumenical Temple
  6261 | Temple   | Became a worshipper of Cheibriados the Contemplative
  6759 | D:7      | Found a shadowy altar of Dithmenos.
  6829 | D:7      | Noticed Joseph
  6848 | D:7      | Killed Joseph
  6849 | D:7      | Reached skill level 11 in Spellcasting
  7977 | D:8      | Reached skill level 1 in Invocations
  8026 | D:8      | HP: 1/57 [killer bee (6)]
  8469 | D:7      | Reached XP level 10. HP: 27/63 MP: 25/25
  8666 | D:7      | Reached * piety under Cheibriados
  8673 | D:7      | Reached skill level 12 in Spellcasting
  8970 | D:8      | Reached skill level 10 in Necromancy
  9023 | D:8      | Identified the +9 trident of Resourcefulness {venom, *Rage
                  | Will++ Str+4 SInv}
  9148 | D:8      | You fall into a shaft and drop 2 floors!
  9148 | D:10     | Entered Level 10 of the Dungeon
  9424 | D:8      | Reached skill level 5 in Dodging
  9515 | D:8      | Found the +3 warlock's mirror {reflect}
  9932 | D:9      | Reached skill level 13 in Spellcasting
 10184 | D:9      | Reached ** piety under Cheibriados
 10247 | D:9      | Reached skill level 1 in Shields
 10564 | D:9      | Reached XP level 11. HP: 49/68 MP: 19/28
 11135 | D:10     | Found a staircase to the Lair.
 11162 | D:10     | Found Uwilues's Distillery.
 11318 | D:10     | Identified the +8 quarterstaff of Sisiddir {elec, *Corrode
                  | +Blink Dex+3}
 11457 | D:10     | Reached *** piety under Cheibriados
 11522 | D:11     | Noticed Psyche
 11532 | D:11     | Killed Psyche
 11795 | D:11     | Noticed a boulder beetle
 11915 | D:11     | Killed a boulder beetle
 11916 | D:11     | Reached skill level 14 in Spellcasting
 11959 | D:11     | Noticed a fire dragon
 12248 | D:11     | Found a staircase to the Orcish Mines.
 12545 | D:11     | Noticed a fire dragon
 12562 | D:11     | Killed from afar by a fire dragon

Illustrated notes

Levels and vault maps discovered:
D:1:      mrwooster_arrival_statue_2, layout_basic
D:2:      minmay_diamond_boxcup, layout_loops_corners,
          shapermc_ecumenical_altar_totnotflames, serial_shops,
          nicolae_shop_trees, nicolae_shop_crystal, nicolae_shop_stone,
          nicolae_shop_statue_plus, serial_park_tiny_1
D:3:      layout_basic, uniq_sigmund, uniq_jessica
D:4:      layout_basic, nicolae_shop_fire_sale [nicolae_sub_dead_trees],
          due_unseen_surprise, uniq_crazy_yiuf_cottage
D:5:      layout_basic, uniq_pikel
D:6:      layout_cave_pools, minmay_temple_entry_metal_lava, uniq_prince_ribbit1
D:7:      layout_loops_corners, nicolae_dithmenos_through_a_glass_darkly,
          kennysheep_minor_cross, uniq_joseph
D:8:      layout_loops_ring, skrybe_limestone_x, minmay_circle_x
D:9:      layout_irregular_city
D:10:     layout_roguey, lair_entry_dummy, serial_shops,
          nicolae_shop_advertising_works [nicolae_subvault_shop_adworks]
D:11:     nicolae_hexawheel, layout_stronghold, david_orc_2, uniq_psyche
Temple:   nicolae_temple_the_god_donut

Skill      XL: |  1  2  3  4  5  6  7  8  9 10 11 |
---------------+----------------------------------+-----
Spellcasting   | 3 4 5 6 8 10 11 13 14 | 14.3
Dodging        | 2 3 4 5 |  5.7
Necromancy     | 5 6 8 9 10 11 | 11.6
Stealth        | 2 3 |  3.5
Invocations    | 1 3 4 |  4.0
Shields        | 1 2 |  2.3

Action                   |  1- 3 |  4- 6 |  7- 9 | 10-12 || total
-------------------------+-------+-------+-------+-------++-------
Melee: Unarmed           |     7 |       |       |       ||     7
       Falchion          |       |    36 |   144 |   134 ||   314
       Punch             |       |       |     3 |     1 ||     4
 Cast: Necrotize         |    62 |    27 |    79 |    27 ||   195
       Animate Dead      |       |     5 |    10 |    10 ||    25
       Vampiric Draining |       |     4 |    29 |    74 ||   107
       Agony             |       |       |       |    33 ||    33
Evoke: Wand              |       |       |       |    10 ||    10
  Use: Scroll            |       |     8 |     6 |     3 ||    17
 Stab: Sleeping          |       |     8 |     7 |     4 ||    19
       Distracted        |       |     1 |     1 |       ||     2
       Paralysed         |       |       |       |     3 ||     3
Armor: Robe              |     1 |     5 |    70 |       ||    76
       Steam dragon scal |       |       |    34 |   112 ||   146
Dodge: Dodged            |     8 |    22 |   203 |   226 ||   459
Block: Buckler           |       |       |       |    93 ||    93
       Reflection        |       |       |       |     7 ||     7

Table legend: (Time is in decaauts)
 A = Elapsed time spent in this place.
 B = Non-inter-level travel time spent in this place.
 C = Inter-level travel time spent in this place.
 D = Time resting spent in this place.
 E = Time spent auto-exploring this place.
 F = Levels seen in this place.
 G = Mean time per level.
                   A        B        C        D        E       F      G
               +--------+--------+--------+--------+--------+-----+--------+
         Total |  13994 |  13276 |    718 |   2340 |   8458 |  12 | 1166.2 |
       Dungeon |  13784 |  13149 |    635 |   2340 |   8394 |  11 | 1253.1 |
        Temple |    210 |    128 |     82 |      0 |     64 |   1 |  210.0 |
               +--------+--------+--------+--------+--------+-----+--------+

Top non-repeatable levels by time:
     D:7: 2506 daAuts
     D:9: 1468 daAuts
     D:2: 1440 daAuts
     D:5: 1305 daAuts
     D:3: 1243 daAuts
    D:11: 1223 daAuts
     D:8: 1149 daAuts
     D:1: 894 daAuts
     D:4: 892 daAuts
    D:10: 881 daAuts
     D:6: 779 daAuts
  Temple: 210 daAuts
